AoeStats
← El Fantasma de Pancho Villa

Arena

506546856Analyzed
4v4 RM · 19d ago on Sep 14, 2026· 42m 47s· 8 players
Game mode
Random Map
Map size
Large (8 player)
Population
200
Speed
Normal
Resources
Standard
Victory
Conquest
Starting age
Dark Age
Ending age
Imperial Age
RankedLock teamsTeams togetherTeam positionsShared explorationLock speedFull tech treeHidden civsTurbo modeCheats
Victory
Defeat
🇺🇸 Cumans · United States
1054
+14
🇮🇳 Georgians · India
1030
+15
🇲🇽 Italians · Mexico
1017
+15
🇲🇽 Magyars · Mexico
999
+16
🇨🇱 Italians · Chile
1033
-17
🇪🇸 Berbers · Spain
1031
-16
🇨🇱 Goths · Chile
982
-14
🇪🇸 Spanish · Spain
964
-13
Dotakinglordsaurusrex
1:34 Loom
10:47 Feudal Age
11:21 Horse Collar
11:27 Double-Bit Axe
18:15 Castle Age
17:33 Wheelbarrow
19:07 Bow Saw
18:58 Heavy Plow
20:56 Hand Cart
22:43 Gold Mining
22:43 Stone Mining
23:53 Town Watch
25:09 Town Patrol
26:58 Stone Shaft Mining
28:32 Padded Archer Armor
28:23 Fletching
29:38 Leather Archer Armor
31:11 Ballistics
30:32 Treadmill Crane
31:02 Masonry
30:48 Murder Holes
31:04 Fortified Wall
30:59 Arson
31:14 Squires
30:35 Pikeman
31:26 Thumb Ring
30:42 Elite Skirmisher
32:03 Bodkin Arrow
36:12 Imperial Age
35:09 Silk Road
35:13 Forging
35:03 Scale Mail Armor
35:09 Scale Barding Armor
36:53 Elite Genoese Crossbowman
38:10 Hoardings
37:45 Pirotechnia
37:57 Conscription
38:44 Chemistry
38:15 Architecture
37:37 Guard Tower
37:33 Arrowslits
39:12 Ring Archer Armor
38:42 Bracer
39:18 Iron Casting
38:59 Chain Mail Armor
41:03 Two-Man Saw
40:35 Crop Rotation
aśoka
11:25 Feudal Age
13:07 Loom
15:25 Castle Age
13:43 Loom
15:01 Double-Bit Axe
15:00 Horse Collar
16:03 Wheelbarrow
19:35 Bow Saw
22:23 Pikeman
23:17 Forging
23:12 Scale Barding Armor
23:29 Elite Skirmisher
28:56 Fletching
29:07 Padded Archer Armor
29:52 Heavy Plow
35:16 Imperial Age
34:12 Bodkin Arrow
34:20 Gold Mining
35:19 Town Watch
35:49 Hand Cart
37:03 Halberdier
37:48 Halberdier
39:56 Iron Casting
39:22 Scale Mail Armor
43:10 Blast Furnace
42:11 Bracer
42:27 Leather Archer Armor
42:30 Chain Mail Armor
El Fantasma de Pancho Villa
15:22 Feudal Age
16:23 Man-at-Arms
17:47 Scale Mail Armor
21:24 Forging
23:46 Double-Bit Axe
31:00 Wheelbarrow
30:34 Horse Collar
33:57 Castle Age
31:57 Town Watch
32:46 Gold Mining
32:47 Stone Mining
33:40 Bloodlines
35:13 Hand Cart
35:01 Heavy Plow
35:14 Bow Saw
38:46 Imperial Age
36:18 Town Patrol
37:01 Gold Shaft Mining
36:17 Stone Mining
37:58 Scale Barding Armor
38:29 Iron Casting
39:16 Chain Barding Armor
38:52 Elite Steppe Lancer
41:11 Blast Furnace
42:00 Plate Barding Armor
flying ñonga
7:55 Loom
10:32 Feudal Age
13:00 Town Watch
17:01 Castle Age
15:39 Double-Bit Axe
17:12 Scale Barding Armor
18:38 Bloodlines
24:49 Wheelbarrow
26:15 Bow Saw
28:03 Husbandry
28:38 Chain Barding Armor
29:28 Fervor
32:37 Hand Cart
32:34 Gold Mining
32:35 Stone Mining
37:10 Imperial Age
35:39 Gold Shaft Mining
34:56 Fletching
35:30 Corvinian Army
37:29 Town Patrol
38:19 Conscription
37:21 Elite Magyar Huszar
39:07 Bodkin Arrow
39:48 Plate Barding Armor
39:35 Ballistics
40:16 Chemistry
40:34 Thumb Ring
41:14 Parthian Tactics
42:30 Bracer
Master of Ludus
0:39 Loom
12:49 Feudal Age
14:40 Double-Bit Axe
14:36 Horse Collar
16:13 Fletching
21:31 Castle Age
19:29 Gold Mining
21:17 Wheelbarrow
21:16 Town Watch
22:09 Wheelbarrow
21:29 Stone Mining
21:37 Pikeman
24:27 Squires
26:04 Bodkin Arrow
28:12 Man-at-Arms
28:38 Gambesons
33:24 Imperial Age
35:10 Hand Cart
35:57 Conscription
39:28 Town Patrol
40:13 Heavy Plow
41:46 Forging
41:36 Scale Mail Armor
Maldotroid
12:03 Feudal Age
13:50 Loom
14:29 Double-Bit Axe
17:11 Castle Age
15:54 Horse Collar
16:08 Gold Mining
17:27 Fletching
17:17 Crossbowman
20:49 Thumb Ring
20:55 Padded Archer Armor
23:18 Bodkin Arrow
23:53 Stone Mining
§ El Rick más Rick §
1:11 Loom
10:24 Feudal Age
10:45 Horse Collar
10:51 Double-Bit Axe
11:14 Gold Mining
17:43 Wheelbarrow
19:32 Castle Age
17:10 Man-at-Arms
18:43 Forging
18:37 Scale Mail Armor
20:33 Long Swordsman
21:52 Iron Casting
31:57 Squires
32:26 Heavy Plow
32:38 Pikeman
36:06 Stone Mining
38:34 Chain Mail Armor
gealoclothing
5:36 Loom
11:58 Feudal Age
13:52 Double-Bit Axe
16:31 Castle Age
14:26 Horse Collar
22:05 Wheelbarrow
24:04 Heavy Plow
30:53 Imperial Age
28:16 Gold Mining
28:19 Stone Mining
28:35 Husbandry
28:45 Bloodlines
29:13 Bloodlines
30:05 Scale Barding Armor
30:10 Forging
31:54 Chain Barding Armor
31:54 Hand Cart
32:19 Crop Rotation
31:45 Heavy Camel Rider
31:58 Capped Ram
34:40 Conscription
34:46 Conscription
40:01 Fletching
40:11 Padded Archer Armor
40:53 Plate Barding Armor
40:01 Elite Skirmisher
43:08 Chemistry
Connection lost

Rejoining the realm…

Still unreachable

The connection could not be restored.

Session expired

The server has moved on; the page needs a fresh start.